 Dungeon Crawl Stone Soup version 0.30.2 (webtiles) character file.

Game seed: 15038272315039031080

895 porpoise the Ruffian (level 7, -4/102 (105) HPs)
             Began as a Troll Wanderer on Jan 30, 2024.
             Was an Initiate of Gozag.
             Slain by an iguana (8 damage)
             ... on level 5 of the Dungeon.
             The game lasted 00:13:31 (3648 turns).

porpoise the Ruffian (Troll Wanderer)               Turns: 3648, Time: 00:13:35

HP:   -4/102 (105)  AC:  4    Str: 21    XL:     7   Next: 78%
MP:   7/7           EV:  7    Int:  8    God:    Gozag
Gold: 390           SH:  8    Dex: 11    Spells: 7/8 levels left

rFire   + .          .
                       - Unarmed
rCold   + . .        r - +1 kite shield
rNeg    . . .        d - +0 robe
rPois   +            (helmet restricted)
rElec   +            (no cloak)
rCorr   +            (gloves unavailable)
SInv    .            (boots unavailable)
Will    .....        h - amulet of regeneration Stlth
                     (no ring)
HPRegen 1.97/turn    (no ring)
MPRegen 0.10/turn

%: no passive effects
@: berserking, resistant, gold aura, studying Short Blades, lightly drained,
very quick
A: large, unfitting armour, claws 3, regeneration 1, shaggy fur 1, tough skin 1
a: Renounce Religion, Potion Petition, Call Merchant, Bribe Branch


You were on level 5 of the Dungeon.
You worshipped Gozag.
Gozag was aware of your devotion.
You visited 2 branches of the dungeon, and saw 6 of its levels.
You also visited: Sewer.

You collected 448 gold pieces.
You paid 58 gold pieces to Gozag.

Inventory:

Hand Weapons
 b - the +6 shillelagh "Devastator" {shatter}
   (You found it on level 4 of the Dungeon)
Missiles
 q - 11 poisoned darts
Armour
 d - a +0 robe (worn)
 r - a +1 kite shield (worn)
Jewellery
 h - an amulet of regeneration (around neck)
 n - an amulet of reflection
Wands
 p - a wand of polymorph (4)
 s - a wand of mindburst (1)
Scrolls
 c - a scroll of summoning
 e - 3 scrolls of teleportation
 f - 2 scrolls of enchant armour
 g - a scroll of immolation
 o - a scroll of magic mapping {unknown}
Potions
 a - a potion of brilliance {unknown}
 i - a potion of resistance
 j - 2 potions of haste
 k - a potion of berserk rage
 l - a potion of attraction {unknown}
 t - a potion of curing {unknown}
 u - a potion of degeneration {unknown}
Miscellaneous
 m - a piece from Xom's chessboard (15/15)


   Skills:
 + Level 4.0 Fighting
 - Level 2.4 Long Blades
 - Level 1.0 Stealth
 - Level 1.7 Shields
 * Level 7.1 Unarmed Combat
 - Level 1.0 Spellcasting
 - Level 2.6 Earth Magic


You had 7 spell levels left.
You knew the following spells:

 Your Spells              Type           Power      Damage    Failure   Level
a - Sandblast             Erth           8%         2d5       32%         1

Your spell library contained the following spells:

 Spells                   Type           Power      Damage    Failure   Level
 Passwall                 Tmut/Erth      1%         N/A       65%         2
 Blink                    Tloc           0%         N/A       83%         2
 Poisonous Vapours        Pois/Air       0%         N/A       83%         2
 Sublimation of Blood     Necr           0%         N/A       83%         2
 Wereblood                Tmut           0%         N/A       83%         2
 Mephitic Cloud           Conj/Pois/Air  0%         N/A       96%         3
 Leda's Liquefaction      Hex/Erth       1%         N/A       99%         4
 Manifold Assault         Tloc           0%         N/A       100%        4
 Freezing Cloud           Conj/Ice/Air   0%         6-21      100%        5
 Storm Form               Tmut/Air       0%         N/A       100%        7
 Summon Hydra             Summ           0%         N/A       100%        7


Dungeon Overview and Level Annotations

Branches:
Dungeon (5/15)             Temple (1/1) D:4           Sewer (visited)

Altars:
Cheibriados
Dithmenos
Fedhas
Gozag
Kikubaaqudgha
Makhleb
Nemelex Xobeh
Okawaru
Qazlal
Ru
Sif Muna
Trog
Vehumet
Wu Jian
Xom
Yredelemnul
Zin
The Shining One

Annotations:
D:5 exclusion: yak


Innate Abilities, Weirdness & Mutations

You are too large for most types of armour.
You have claws for hands.
Your natural rate of healing is unusually fast.
You are covered in fur. (AC +1)
You have tough skin. (AC +1)


Message History

You block the iguana's attack. You block the ice beast's attack.
The wight barely misses you.
You closely miss the ice beast.
The ice beast is moderately wounded.
The iguana completely misses you. You block the ice beast's attack.
The wight hits you with a +1 halberd.
You barely miss the ice beast.
The ice beast is moderately wounded.
The iguana barely misses you. The ice beast hits you.
The ice beast freezes you! You block the wight's attack.
You mangle the ice beast!!
You kill the ice beast!
You block the wight's attack. You block the iguana's attack.
Your Fighting skill increases to level 4!
Your Unarmed Combat skill increases to level 7!
You scratch the wight.
The wight is moderately damaged.
The wight hits you with a +1 halberd!
* * * LOW HITPOINT WARNING * * *
You feel drained.
* * * LOW HITPOINT WARNING * * *
The iguana bites you.
* * * LOW HITPOINT WARNING * * *
It was a potion of resistance.
You feel protected. The wight hits you with a +1 halberd.
* * * LOW HITPOINT WARNING * * *
You block the iguana's attack.
It was a potion of berserk rage.
A red film seems to cover your vision as you go berserk!
You feel yourself moving faster!
You feel mighty! The wight hits you but does no damage. The iguana bites you.
* * * LOW HITPOINT WARNING * * *
You scratch the wight but do no damage.
The wight is moderately damaged.
The wight hits you with a +1 halberd.
* * * LOW HITPOINT WARNING * * *
The iguana bites you!
You die...
Your body crumbles into a pile of gold.

$ #. ####...
o......
#####z......
#...@$......
#.###l.###..
#.## #.# ..#
.... #.# ..#
..## #.# ..#
###
#.#####.###..##
.##...
#..............
## ...8.
#######.#######
###. #.... #.#
#.. ... #...#


You could see an iguana, a wight and an orc.

Vanquished Creatures
  Pargi (Sewer)
  A black bear (D:5)
  An ice beast (D:5)
  Blork the orc (D:5)
  4 hounds
  A gnoll bouda (D:5)
  3 sleepcaps
  4 iguanas (D:5)
  5 adders
  4 gnolls (D:5)
  A shadow imp (D:5)
  A white imp (D:5)
  3 ufetubi
  2 worms
  2 dart slugs (D:2)
  7 orcs
  5 bats
  6 endoplasms
  4 giant cockroaches
  6 goblins
  5 hobgoblins
  3 jackals (D:3)
  3 quokkas
  5 ball pythons
  4 frilled lizards
  16 kobolds
  5 rats
103 creatures vanquished.

Notes
Turn   | Place    | Note
-------+----------+-------------------------------------------
     0 | D:1      | porpoise the Troll Wanderer began the quest for the Orb.
     0 | D:1      | porpoise set off with the following items: a +0 falchion, a
                  | +0 kite shield, a scroll of summoning, a +0 robe; and the
                  | following spell memorised: Sandblast; and the following
                  | spells available to memorise: Passwall, Leda's
                  | Liquefaction.
     0 | D:1      | Reached XP level 1. HP: 16/16 MP: 1/1
    86 | D:1      | Reached skill level 1 in Unarmed Combat
   218 | D:1      | Reached XP level 2. HP: 26/26 MP: 2/2
   784 | D:2      | Found a faded altar of an unknown god.
   975 | D:2      | Reached skill level 1 in Fighting
   975 | D:2      | Reached skill level 2 in Unarmed Combat
   975 | D:2      | Reached XP level 3. HP: 33/33 MP: 3/3
  1396 | D:2      | Found a shadowy altar of Dithmenos.
  1539 | D:3      | Identified the +4 falchion of Honour {pain, rF- Will+
                  | Int+7}
  1542 | D:3      | Found an opulent altar of Gozag.
  1656 | D:3      | Reached skill level 3 in Unarmed Combat
  1656 | D:3      | Reached XP level 4. HP: 38/41 MP: 4/4
  1755 | D:3      | Found a sacrificial altar of Ru.
  1755 | D:3      | Found a bloodstained altar of Trog.
  2005 | D:4      | Found the +6 shillelagh "Devastator" {shatter}
  2038 | D:4      | Found a stormy altar of Qazlal.
  2061 | D:4      | Reached XP level 5. HP: 49/49 MP: 5/5
  2064 | D:4      | Reached skill level 4 in Unarmed Combat
  2128 | D:4      | Found a staircase to the Ecumenical Temple.
  2147 | Temple   | Entered the Ecumenical Temple
  2359 | D:3      | Became a worshipper of Gozag Ym Sagoz the Greedy
  2642 | D:4      | Reached XP level 6. HP: 58/59 MP: 6/6
  2651 | D:4      | Found a radiant altar of Vehumet.
  2654 | D:4      | Found a snail-covered altar of Cheibriados.
  2818 | D:5      | Entered Level 5 of the Dungeon
  2874 | D:5      | Reached skill level 5 in Unarmed Combat
  3111 | D:5      | Found a glowing drain.
  3139 | Sewer    | Entered a sewer
  3349 | Sewer    | Noticed Pargi
  3358 | Sewer    | Killed Pargi
  3359 | Sewer    | Reached skill level 6 in Unarmed Combat
  3359 | Sewer    | Reached XP level 7. HP: 44/67 MP: 7/7
  3537 | D:5      | Noticed Blork the orc
  3546 | D:5      | Killed Blork the orc
  3566 | D:5      | Noticed a yak
  3567 | D:5      | Noticed a yak
  3568 | D:5      | Noticed a yak
  3645 | D:5      | Reached skill level 7 in Unarmed Combat
  3648 | D:5      | HP: 4/102 [wight/+1 halberd (4)]
  3648 | D:5      | Slain by an iguana

Illustrated notes

Levels and vault maps discovered:
D:1:      sevenhm_arrival_forest_fort_small_6, layout_basic
D:2:      layout_basic, basic_altar,
          hellmonk_ecumenical_altar_pennies_from_heaven
D:3:      layout_rooms, nicolae_gozag_cash_rules_everything_around_me,
          gammafunk_temple_overflow_statue
D:4:      layout_loops_cross, mainiacjoe_overflow_catwalk_spiral,
          general_overflow_altar, minmay_temple_entry_large_hall,
          minmay_manual_mail
D:5:      layout_loops_ring, cheibrodos_sewer_entry_sluice,
          chequers_decorated_corner, grunt_ministairs_5,
          corexii_item_surrounded_by_moat, minmay_misc_feat_four_crosses,
          minmay_ruined_shrine, uniq_blork_the_orc
Temple:   jpeg_temple_clearing

Skill      XL: |  1  2  3  4  5  6  7 |
---------------+----------------------+-----
Unarmed Combat | 1 2 3 4 6 7 |  7.1
Fighting       | 1 2 3 4 |  4.0
Long Blades    | |  2.4
Stealth        | |  1.0
Shields        | |  1.7
Spellcasting   | |  1.0
Earth Magic    | |  2.6

Action                     |  1- 3 |  4- 6 |  7- 9 || total
---------------------------+-------+-------+-------++-------
  Melee: Unarmed           |   106 |   136 |    51 ||   293
         Shillelagh        |       |     5 |       ||     5
    Use: Scroll            |       |     9 |       ||     9
         Potion            |       |       |     2 ||     2
   Stab: Sleeping          |     2 |     5 |     1 ||     8
 Armour: Robe              |    39 |    31 |    11 ||    81
  Dodge: Dodged            |    29 |    45 |    18 ||    92
  Block: Kite shield       |    49 |    85 |    33 ||   167
         Reflection        |       |     2 |       ||     2
